 Dungeon Crawl Stone Soup version 0.27-a0-1334-g2746e35aca (webtiles) character file.

Game seed: 1143763544059818616

102 dickylongcocking the Magician (level 5, -1/40 HPs)
             Began as a Djinni Summoner on June 26, 2021.
             Slain by a scorpion (9 damage)
             ... on level 4 of the Dungeon.
             The game lasted 00:03:32 (5681 turns).

dickylongcocking the Magician (Djinni Summoner)     Turns: 5681, Time: 00:03:32

Health: -1/40      AC:  2    Str:  7    XL:     5   Next: 6%
Gold:   143        EV: 12    Int: 18    God:
                   SH:  0    Dex: 13

rFire    + + .     SeeInvis .   s - +1 dagger (venom)
rCold    x . .     Faith    .   (no shield)
rNeg     . . .     Spirit   .   a - +0 robe
rPois    ∞         Reflect  .   (no helmet)
rElec    .         Harm     .   (no cloak)
rCorr    .         Rampage  .   (no gloves)
Will     .....                  (boots unavailable)
Stlth    ++........             (no amulet)
HPRegen  0.13/turn              r - ring of wizardry
MPRegen  0.00/turn              (no ring)

@: flying
A: sickness immunity, fire resistance 2, cold vulnerability 1, float, innate
caster, hp casting, extra vitality 1
a: no special abilities


You were on level 4 of the Dungeon.
You visited 1 branch of the dungeon, and saw 4 of its levels.

You collected 143 gold pieces.

Inventory:

Hand Weapons
 b - a +0 club
 k - a +0 mace
 q - a +0 short sword of protection
 s - a +1 dagger of venom (weapon)
Missiles
 g - 2 throwing nets
Armour
 a - a +0 robe (worn)
Jewellery
 r - a ring of wizardry (left hand)
Wands
 l - a wand of paralysis (6)
Scrolls
 e - 2 scrolls of amnesia {unknown}
 h - a scroll of immolation {unknown}
 j - a scroll of noise {unknown}
 m - 2 scrolls of teleportation {unknown}
 n - a scroll of identify {unknown}
 o - 2 scrolls of enchant armour {unknown}
 t - 3 scrolls of fear {unknown}
Potions
 c - a potion of degeneration {unknown}
 d - a potion of curing {unknown}
 f - a potion of brilliance {unknown}
 i - a potion of mutation {unknown}
 p - a potion of berserk rage {unknown}
 u - a potion of heal wounds {unknown}


   Skills:
 - Level 3.5 Fighting
 - Level 2.1 Dodging
 - Level 1.5 Stealth
 * Level 3.7 Spellcasting


You couldn't memorise any spells.
You knew the following spells:

 Your Spells              Type           Power      Damage    Failure   Level
a - Summon Small Mammal   Summ           64%        N/A       1%          1
b - Call Imp              Summ           16%        N/A       1%          2
c - Call Canine Familiar  Summ           16%        N/A       4%          3
d - Summon Guardian Gole  Hex/Summ       16%        N/A       4%          3
e - Summon Lightning Spi  Summ/Air       16%        N/A       13%         4
f - Summon Ice Beast      Ice/Summ       16%        N/A       13%         4
g - Pain                  Necr           64%        1d7       1%          1
h - Wereblood             Tmut           16%        N/A       1%          2
Your spell library was empty.

Dungeon Overview and Level Annotations

Branches:
Dungeon (4/15)
 Temple: D:4-7

Altars:

Portals:
Abyss: D:3

Annotations:
D:3 2 transporters, oc3rt's ghost, amateur KoHu


Innate Abilities, Weirdness & Mutations

You are immune to sickness and miasma.
You are immune to poison.
Your flesh is very heat resistant. (rF++)
You are vulnerable to cold. (rC-)
You float through the air rather than walking.
You learn spells naturally, not from books.
Your magical power is your life essence.
You have superior vitality. (+4 HP)


Message History

Casting: Pain (safe; 1% risk of failure)
Confirm with . or Enter, or press ? or * to list all spells.
A beastly little devil appears in a puff of flame.
The scorpion stings you! The scorpion stings you.
* * * LOW HITPOINT WARNING * * *
Your hound bites the scorpion.
Unknown command.
Unknown command.
Your hound bites the scorpion.
The adder barely misses your crimson imp.
The scorpion stings your crimson imp.
The adder closely misses your crimson imp.
Your crimson imp blinks!
Your hound bites the adder.
Okay, then.
Okay, then.
Okay, then.
Aiming: Paralyse
Press: ? - help, Shift-Dir - straight line, f - scorpion, p - adder
Aim: a scorpion (moderately wounded, ally target, chance to affect: 46%)
The scorpion resists with some effort.
Your hound bites the adder.
Your crimson imp blinks!
Unknown command.
Unknown command.
Aiming: Paralyse
Press: ? - help, Shift-Dir - straight line, f/p - scorpion
Aim: a scorpion (moderately wounded, chance to affect: 46%)
The scorpion resists with some effort.
The scorpion closely misses you. The adder closely misses you.
Your hound completely misses the adder.
Unknown command.
Unknown command.
Unknown command.
Aiming: Paralyse
Press: ? - help, Shift-Dir - straight line, f/p - scorpion
Aim: a scorpion (moderately wounded, chance to affect: 46%)
The scorpion resists with some effort.
The adder bites you.
* * * LOW HITPOINT WARNING * * *
The scorpion misses you.
Your hound closely misses the adder.
The scorpion stings you!
You die...

###. .# #>..
.......#
#..##........
#?...?....... #....
......# ##.##
......
###...##...##..
#####....Sh........
##....<..@s.....#.
#.....)....##..##
##........## .....
##........# .#.....
#.....§......####.
#............#
#............#
......#.......<
####.##........


You could see a scorpion, an adder (ally target) and a friendly hound
(summoned).

Vanquished Creatures
  A hound (D:3)
  A hound skeleton (D:4)
  An adder (D:3)
  2 ball pythons (D:1)
  5 bats (D:3)
  2 endoplasms
  2 goblins
  3 hobgoblins (D:3)
  2 quokkas
  A frilled lizard (D:2)
  3 kobolds (D:3)
  5 rats
28 creatures vanquished.

Vanquished Creatures (collateral kills)
  An adder (D:2)
  A worm (D:3)
  4 dart slugs
  2 orcs (D:3)
  5 endoplasms
  4 goblins
  5 hobgoblins
  2 kobolds
  3 bats
  2 frilled lizards
  2 rats
31 creatures vanquished.

Grand Total: 59 creatures vanquished

Notes
Turn   | Place    | Note
-------+----------+-------------------------------------------
     0 | D:1      | dickylongcocking the Djinni Summoner began the quest for
                  | the Orb.
     0 | D:1      | Reached XP level 1. HP: 15/15 MP: 0/0
   221 | D:1      | Reached skill level 1 in Fighting
   616 | D:1      | Reached XP level 2. HP: 4/22 MP: 0/0
  1901 | D:2      | Found a faded altar of an unknown god.
  2356 | D:2      | Reached XP level 3. HP: 26/29 MP: 0/0
  2356 | D:2      | Learned a level 1 spell: Pain
  3695 | D:3      | Noticed a toenail golem
  3705 | D:3      | Found a transporter.
  3705 | D:3      | Found a transporter.
  3706 | D:3      | Noticed a small abomination
  3717 | D:3      | Found a one-way gate to the infinite horrors of the Abyss.
  3717 | D:3      | Noticed oc3rt's ghost (amateur KoHu)
  3731 | D:3      | Noticed a small abomination
  3832 | D:3      | Reached XP level 4. HP: 11/35 MP: 0/0
  5667 | D:4      | Noticed a scorpion
  5670 | D:4      | Reached XP level 5. HP: 32/40 MP: 0/0
  5670 | D:4      | Learned a level 2 spell: Wereblood
  5681 | D:4      | Slain by a scorpion

Illustrated notes

Levels and vault maps discovered:
D:1:      amcnicky_arrival_wind_blow, layout_basic
D:2:      layout_loops_corners, hellmonk_ecumenical_altar_slurped_away,
          minivault_4, minmay_pentomino_u2
D:3:      layout_rooms, gammafunk_ghost_abyssal_escape, serial_co_window_serial,
          co_window_paths_b, co_window_of_opportunity_a,
          co_window_of_opportunity_a, co_window_of_opportunity_a,
          co_window_paths_a, co_window_corner_a, co_window_unsneaky_path_d,
          co_window_broadway_a, co_window_corner_b, co_window_paths_d,
          co_window_sun, glass_columns_b, minmay_pentomino_pile
D:4:      minmay_door_path, layout_cave_pools, kiku_gazebo_pond_becter,
          enter_ossuary_2, minivault_23, uniq_ijyb, uniq_natasha, uniq_menkaure

Skill      XL: |  1  2  3 |
---------------+----------+-----
Fighting       | 1 2 3 |  3.5
Dodging        | |  2.1
Stealth        | |  1.5
Spellcasting   | |  3.7

Action                   |  1- 3 |  4- 6 || total
-------------------------+-------+-------++-------
Melee: Club              |    35 |       ||    35
       Mace              |    28 |     7 ||    35
       Short sword       |       |    30 ||    30
       Dagger            |       |    22 ||    22
 Cast: Summon Small Mamm |    24 |     1 ||    25
       Call Imp          |    35 |     3 ||    38
       Call Canine Famil |       |     9 ||     9
       Pain              |       |     1 ||     1
Evoke: Wand              |       |     3 ||     3
 Stab: Sleeping          |     2 |     2 ||     4
       Distracted        |       |     2 ||     2
Armor: Robe              |    21 |    22 ||    43
Dodge: Dodged            |    54 |    47 ||   101

Table legend: (Time is in decaauts)
 A = Elapsed time spent in this place.
 B = Non-inter-level travel time spent in this place.
 C = Inter-level travel time spent in this place.
 D = Time resting spent in this place.
 E = Time spent auto-exploring this place.
 F = Levels seen in this place.
 G = Mean time per level.
                   A        B        C        D        E       F      G
               +--------+--------+--------+--------+--------+-----+--------+
         Total |   5706 |   5639 |     67 |   1070 |   4033 |   4 | 1426.5 |
       Dungeon |   5706 |   5639 |     67 |   1070 |   4033 |   4 | 1426.5 |
               +--------+--------+--------+--------+--------+-----+--------+

Top non-repeatable levels by time:
     D:3: 2086 daAuts
     D:1: 1898 daAuts
     D:2: 1693 daAuts
     D:4: 28 daAuts
